 Dungeon Crawl Stone Soup version 0.27.1-4-g1640c2035a (webtiles) character file.

Game seed: 18095768969340458510

33 boopmooplesden the Covered (level 3, 0/33 HPs)
             Began as a Minotaur Fighter on Nov 4, 2021.
             Killed from afar by a hobgoblin (10 damage)
             ... with a puff of flame
             ... on level 2 of the Dungeon.
             The game lasted 00:01:23 (1167 turns).

boopmooplesden the Covered (Minotaur Fighter)       Turns: 1167, Time: 00:01:23

Health: 0/33       AC:  7    Str: 21    XL:     3   Next: 12%
Magic:  2/2        EV:  7    Int:  5    God:
Gold:   30         SH:  9    Dex:  9    Spells: 2/2 levels left

rFire    . . .     SeeInvis .   a - +0 long sword
rCold    . . .     Faith    .   c - +0 kite shield
rNeg     . . .     Spirit   .   b - +0 scale mail
rPois    .         Reflect  .   (helmet restricted)
rElec    .         Harm     .   (no cloak)
rCorr    .         Rampage  .   (no gloves)
Will     .....                  (no boots)
Stlth    ..........             (no amulet)
HPRegen  0.11/turn              (no ring)
MPRegen  0.08/turn              (no ring)

@: no status effects
A: horns 2, retaliatory headbutt
a: no special abilities


You were on level 2 of the Dungeon.
You visited 1 branch of the dungeon, and saw 2 of its levels.

You collected 30 gold pieces.

Inventory:

Hand Weapons
 a - a +0 long sword (weapon)
Missiles
 g - 4 javelins (quivered)
Armour
 b - a +0 scale mail (worn)
 c - a +0 kite shield (worn)
Potions
 d - a potion of might
 e - a potion of berserk rage {unknown}
 f - a potion of haste {unknown}
 h - a potion of curing {unknown}


   Skills:
 + Level 4.1 Fighting
 + Level 2.7 Long Blades
 + Level 0.6 Throwing
 + Level 4.2 Armour
 + Level 3.8 Shields


You had 2 spell levels left.
You didn't know any spells.
Your spell library was empty.

Dungeon Overview and Level Annotations

Branches:
Dungeon (2/15)

Altars:


Innate Abilities, Weirdness & Mutations

You have a pair of horns on your head.
You reflexively headbutt those who attack you in melee.


Message History

You kill the goblin!
The adder bites you.
You are poisoned.
The adder poisons you!
You miss the adder.
You feel sick. You block the adder's attack. x2
You closely miss the adder. Your headbutt misses the adder.
You feel sick. The adder bites you but does no damage.
You block the adder's attack.
You slash the adder!
The adder is almost dead.
You feel sick.
You are no longer poisoned.
The adder bites you.
You are poisoned.
The adder poisons you!
You hit the adder.
You kill the adder!
You feel sick.
You have reached level 3!
Your experience leads to an increase in your attributes!
Increase (S)trength, (I)ntelligence, or (D)exterity?
You feel stronger.
You feel sick.
You see here a +0 dagger.
You feel sick.
g - 3 javelins (gained 1)
You feel sick.
You are no longer poisoned.
g - 4 javelins (gained 1)
A hobgoblin comes into view. It is carrying a wand of flame (17).
The hobgoblin shouts!
The hobgoblin zaps a wand.
The puff of flame hits you!
* * * LOW HITPOINT WARNING * * *
The hobgoblin hits you but does no damage.
You barely miss the hobgoblin. The hobgoblin closely misses you.
The hobgoblin hits you but does no damage.
You closely miss the hobgoblin.
The hobgoblin hits you but does no damage.
You closely miss the hobgoblin.
The hobgoblin zaps a wand.
The puff of flame hits you!
You die...

#............#
####.##....###
.. #)#.####
#.#....#
#.###### #.#
#.# #.# #@#
#...g.#
##.....
#######


You could see a hobgoblin.

Vanquished Creatures
  An adder (D:2)
  4 ball pythons (D:1)
  2 endoplasms (D:1)
  2 giant cockroaches (D:1)
  3 goblins
  6 kobolds (D:1)
  2 quokkas (D:1)
  A bat (D:1)
  2 frilled lizards
  A rat (D:1)
24 creatures vanquished.

Notes
Turn   | Place    | Note
-------+----------+-------------------------------------------
     0 | D:1      | boopmooplesden the Minotaur Fighter began the quest for the
                  | Orb.
     0 | D:1      | Reached XP level 1. HP: 19/19 MP: 0/0
   167 | D:1      | Reached XP level 2. HP: 14/27 MP: 1/1
   450 | D:1      | Found a faded altar of an unknown god.
   452 | D:1      | Noticed an eye of devastation
   460 | D:1      | Noticed a shining eye
   524 | D:1      | Noticed a golden eye
   526 | D:1      | Noticed an eye of devastation
  1156 | D:2      | Reached XP level 3. HP: 19/33 MP: 2/2
  1167 | D:2      | Killed from afar by a hobgoblin

Illustrated notes

Levels and vault maps discovered:
D:1:      co_arrival_square_in_a_square_in_a_square, layout_basic,
          hellmonk_ecumenical_altar_watching_god, supply_closet_lemuel,
          nrook_mini_vaults, amcnicky_mini_pool_small
D:2:      layout_loops_ring, hangedman_abyss_or_decor_stabs,
          uniq_crazy_yiuf_cottage

Skill      XL: |  1  2 |
---------------+-------+-----
Fighting       | 4 |  4.1
Armour         | 4 |  4.2
Long Blades    | |  2.7
Throwing       | |  0.6
Shields        | |  3.8

Action                   || total
-------------------------++-------
Melee: Long sword        ||    63
       Headbutt          ||     5
Throw: Javelin           ||     2
Armor: Scale mail        ||    30
Dodge: Dodged            ||    19
Block: Kite shield       ||    31
       Rpst.: Long sword ||     3
